 Dungeon Crawl Stone Soup version 0.18.1-48-g4cf74bf (webtiles) character file.

164 Alarkh the Shooter (level 5, -4/38 HPs)
             Began as a Mummy Hunter on Aug 18, 2016.
             Slain by an ogre
             ... wielding a +0 giant club
              (16 damage)
             ... on level 3 of the Dungeon.
             The game lasted 00:05:19 (2463 turns).

Alarkh the Shooter (Mummy Hunter)                   Turns: 2463, Time: 00:05:20

Health: -4/38      AC: 13    Str: 15    XL:     5   Next: 21%
Magic:  5/5        EV: 11    Int:  8    God:
Gold:   100        SH:  0    Dex: 12    Spells: 0 memorised, 4 levels left

rFire  x . .     SeeInvis .     b - +2 mace (protect)
rCold  + . .     Gourm    .     k - +0 ring mail (curse)
rNeg   + + +     Faith    .     (no shield)
rPois  ∞         Spirit   .     p - +0 helmet
rElec  .         Dismiss  .     f - +0 cloak
rCorr  .         Reflect  .     g - +0 pair of gloves
SustAt .         Harm     .     (no boots)
MR     .....     Rnd*Tele +     (no amulet)
Stlth  +.........               l - ring of teleportation (curse)
                                j - -4 ring of intelligence (curse)

@: not resistant to hostile enchantments, very unstealthy
A: no food or potions, fire vulnerability, cold resistance 1, negative energy
resistance 3, torment resistance, unbreathing
a: no special abilities


You were on level 3 of the Dungeon.
You were not hungry.

You visited 1 branch of the dungeon, and saw 3 of its levels.

You collected 100 gold pieces.

Inventory:

Hand Weapons
 a - a +1 shortbow
 b - a +2 mace of protection (weapon)
 o - a +0 short sword
Missiles
 d - 34 arrows
Armour
 c - a +0 leather armour
 f - a +0 cloak (worn)
 g - a +0 pair of gloves (worn)
 k - a cursed +0 ring mail (worn)
 p - a +0 helmet (worn)
 s - a cursed +0 buckler
Jewellery
 j - a cursed -4 ring of intelligence (left hand)
 l - a cursed ring of teleportation (right hand)
Wands
 m - a wand of random effects (19/48)
Scrolls
 e - a scroll of identify
 i - 2 scrolls of random uselessness
 n - 2 scrolls of teleportation
 q - a scroll of immolation {unknown}
 r - a scroll of enchant armour {unknown}
Books
 h - a book of Maledictions

   Spells                             Type                      Level
   a - Corona                         Hexes                        1
   b - Ensorcelled Hibernation        Hexes/Ice                    2
   c - Confuse                        Hexes                        3
   d - Tukima's Dance                 Hexes                        3
   e - Dazzling Spray                 Conjuration/Hexes            3


   Skills:
 - Level 2.0 Fighting
 + Level 5.4 Bows
 - Level 1.5 Dodging
 - Level 0.7 Stealth


You had 4 spell levels left.
You didn't know any spells.

Dungeon Overview and Level Annotations

Branches:
Dungeon (3/15)

Altars:
Ashenzari


Innate Abilities, Weirdness & Mutations

You do not eat or drink.
Your flesh is vulnerable to fire.
You are immune to poison.
Your flesh is cold resistant.
You are immune to negative energy.
You are immune to unholy pain and torment.
You can survive without breathing.


Message History

You shoot an arrow. The arrow hits the ogre.
The ogre is severely wounded.
The ogre hits you but does no damage.
Firing (i - inventory):
d - 36 arrows (quivered)
Press: ? - help, Shift-Dir - straight line, f/p - ogre
Aim: an ogre, wielding a giant club (severely wounded)
You shoot an arrow. The arrow barely misses the ogre.
The ogre hits you with a giant club!!
Ouch! That really hurt!
* * * LOW HITPOINT WARNING * * *
You are too injured to fight recklessly!
Firing (i - inventory):
d - 35 arrows (quivered)
Press: ? - help, Shift-Dir - straight line, f/p - ogre
Aim: an ogre, wielding a giant club (severely wounded)
You shoot an arrow. The arrow hits the ogre.
The ogre is severely wounded.
You feel protected!
b - a +2 mace of protection (weapon)
The ogre hits you with a giant club!
You die...

#..........##
#.#.#.###....
####.#.......###
#........##########
#.####.#..........#
######## #.#.######.###
.......# #.#(# #.#
.......# #.#O######.#
.......# # #.#@##.....#
.......##.####...##.#####
.............#.####.#
.......# #. #.# .....###
# #.####### ####.####
#.......#
........########
#.#####.#
...............#
#.#.....#
...............#
#.#.###.#


You could see an ogre.

Vanquished Creatures
  Robin (D:2)
  4 gnolls (D:3)
  2 adders (D:3)
  An ooze (D:1)
  A worm (D:2)
  2 dart slugs
  A ball python (D:1)
  6 bats
  3 giant cockroaches
  23 goblins
  9 hobgoblins
  13 jackals
  3 kobolds
  2 giant newts
  4 rats
75 creatures vanquished.

Notes
Turn   | Place    | Note
--------------------------------------------------------------
     0 | D:1      | Alarkh the Mummy Hunter began the quest for the Orb.
     0 | D:1      | Reached XP level 1. HP: 16/16 MP: 1/1
   334 | D:1      | Reached XP level 2. HP: 22/22 MP: 2/2
   762 | D:1      | Reached skill level 4 in Bows
   787 | D:1      | Reached XP level 3. HP: 21/27 MP: 3/3
  1263 | D:2      | Found a shattered altar of Ashenzari.
  1717 | D:2      | Reached XP level 4. HP: 31/33 MP: 4/4
  1734 | D:2      | Noticed Robin
  1768 | D:2      | Killed Robin
  2068 | D:3      | Reached skill level 5 in Bows
  2162 | D:3      | Reached XP level 5. HP: 26/38 MP: 5/5
  2441 | D:3      | Noticed an ogre
  2463 | D:3      | Slain by an ogre

Skill      XL: |  1  2  3  4 |
---------------+-------------+-----
Bows           | 4 5 |  5.4
Fighting       | |  2.0
Dodging        | |  1.5
Stealth        | |  0.7

Action                   |  1- 3 |  4- 6 || total
-------------------------+-------+-------++-------
Melee: Short sword       |   132 |       ||   132
       Mace              |       |    67 ||    67
 Fire: Shortbow          |    65 |    51 ||   116
  Use: Scroll            |     1 |     1 ||     2
Armor: Leather armour    |    57 |       ||    57
       Ring mail         |    25 |    66 ||    91
Dodge: Dodged            |   109 |    85 ||   194
